 Dungeon Crawl Stone Soup version 0.28-a0-206-gc2c9e32840 (webtiles) character file.

Game seed: 12692028772343897649

65 theanonym the Sneak (level 3, -3/29 HPs)
             Began as a Mummy Brigand on Aug 21, 2021.
             Was an Initiate of Gozag.
             Slain by Natasha (4 damage)
             ... on level 2 of the Dungeon.
             The game lasted 00:03:42 (1854 turns).

theanonym the Sneak (Mummy Brigand)                 Turns: 1854, Time: 00:03:43

Health: -3/29      AC:  7    Str: 14    XL:     3   Next: 92%
Magic:  3/3        EV: 10    Int: 11    God:    Gozag
Gold:   141        SH:  0    Dex: 13    Spells: 2/2 levels left

rFire   x . .      SeeInvis .   a - +1 dagger (vamp)
rCold   + . .      Faith    .   (no shield)
rNeg    + + +      Spirit   .   b - +0 ring mail
rPois   ∞          Reflect  .   (no helmet)
rElec   .          Harm     .   c - +0 cloak
rCorr   .          Rampage  .   (no gloves)
Will    .....                   g - +0 pair of boots
Stlth   ++........              (no amulet)
HPRegen 0.09/turn               (no ring)
MPRegen 0.08/turn               (no ring)

@: slowed, very slow
A: cold resistance 1, negative energy resistance 3, torment resistance 2, heat
vulnerability 1, no potions
a: Renounce Religion, Potion Petition, Call Merchant, Bribe Branch


Innate Abilities, Weirdness & Mutations

You are immune to poison.
Your flesh is cold resistant. (rC+)
You are immune to negative energy. (rN+++)
You are immune to unholy pain and torment.
You are vulnerable to heat. (rF-)
You do not drink.


   Skills:
 + Level 3.2 Fighting
 - Level 1.5 Short Blades
 - Level 0.2 Polearms
 * Level 1.9 Bows
 - Level 1.5 Throwing
 - Level 0.7 Dodging
 - Level 3.2 Stealth


You had 2 spell levels left.
You didn't know any spells.
Your spell library was empty.

Skill      XL: |  1  2 |
---------------+-------+-----
Bows           | 1 |  1.9
Fighting       | 3 |  3.2
Short Blades   | |  1.5
Polearms       | |  0.2
Throwing       | |  1.5
Dodging        | |  0.7
Stealth        | |  3.2

Action                   || total
-------------------------++-------
Melee: Spear             ||    10
       Dagger            ||   108
Throw: Dart              ||    12
  Use: Scroll            ||     1
 Stab: Sleeping          ||     4
Armor: Robe              ||    15
       Ring mail         ||    32
       Leather armour    ||     1
Dodge: Dodged            ||    55

Inventory:

Hand Weapons
 a - a +1 vampiric dagger (weapon)
 i - a +0 longbow
Missiles
 f - 21 arrows
Armour
 b - a +0 ring mail (worn)
 c - a +0 cloak (worn)
 g - a +0 pair of boots (worn)
Scrolls
 h - a scroll of teleportation {unknown}
 j - a scroll of torment {unknown}
 k - 2 scrolls of amnesia {unknown}
 B - a scroll of blinking


You were on level 2 of the Dungeon.
You worshipped Gozag.
Gozag was aware of your devotion.
You visited 1 branch of the dungeon, and saw 2 of its levels.

You collected 214 gold pieces.
You spent 73 gold pieces at shops.

Dungeon Overview and Level Annotations

Branches:
Dungeon (2/15)

Altars:
Gozag

Shops:
D:1 (?

Annotations:
D:2 Natasha

.#.#....#
#(#.######## #
.#.#....# #.#.# #
.#.#....# #(#.#
.#.#....### #.#.#
.#.'....'.# #(#.#
####....#.# #§#.#
#....#.# #(#.#
######.# ###h#.# #.#
#>@.#.#
#########.#####.###.#
................###.#
#########...........#
#############


You could see Natasha (poisoned).

Notes
Turn   | Place    | Note
-------+----------+-------------------------------------------
     0 | D:1      | theanonym the Mummy Brigand began the quest for the Orb.
     0 | D:1      | Reached XP level 1. HP: 16/16 MP: 1/1
    39 | D:1      | Found Koso's Weapon Shoppe.
    66 | D:1      | Found a faded altar of an unknown god.
    74 | D:1      | Became a worshipper of Gozag Ym Sagoz the Greedy
   220 | D:1      | Reached XP level 2. HP: 23/23 MP: 2/2
   304 | D:1      | Bought a +0 longbow for 45 gold pieces
   484 | D:1      | Found Bydgh's Magic Scroll Shoppe.
   492 | D:1      | Bought a scroll of identify for 28 gold pieces
  1075 | D:2      | Reached skill level 1 in Bows
  1396 | D:2      | Noticed Natasha
  1404 | D:2      | Killed Natasha
  1405 | D:2      | Reached skill level 3 in Fighting
  1405 | D:2      | Reached XP level 3. HP: 24/29 MP: 3/3
  1835 | D:2      | Noticed Natasha
  1848 | D:2      | HP: 14/29 [Natasha (5)]
  1852 | D:2      | HP: 2/29 [Natasha (5)]
  1854 | D:2      | Slain by Natasha

Vanquished Creatures
  Natasha (D:2)
  2 adders (D:2)
  3 endoplasms (D:1)
  2 giant cockroaches
  A goblin (D:2)
  2 quokkas
  2 ball pythons (D:1)
  2 bats (D:1)
  A frilled lizard (D:1)
  3 kobolds
  4 rats (D:1)
23 creatures vanquished.

Table legend: (Time is in decaauts)
 A = Elapsed time spent in this place.
 B = Non-inter-level travel time spent in this place.
 C = Inter-level travel time spent in this place.
 D = Time resting spent in this place.
 E = Time spent auto-exploring this place.
 F = Levels seen in this place.
 G = Mean time per level.
                   A        B        C        D        E       F      G
               +--------+--------+--------+--------+--------+-----+--------+
         Total |   1850 |   1751 |     99 |    107 |   1344 |   2 |  925.0 |
       Dungeon |   1850 |   1751 |     99 |    107 |   1344 |   2 |  925.0 |
               +--------+--------+--------+--------+--------+-----+--------+

Top non-repeatable levels by time:
     D:1: 992 daAuts
     D:2: 858 daAuts
